AoeStats
← danjo

Marketplace

504430222Analyzed
1v1 RM · 29d ago on Sep 5, 2026· 58m 39s· 2 players
Game mode
Random Map
Map size
Tiny (2 player)
Population
200
Speed
Normal
Resources
Standard
Victory
Conquest
Starting age
Dark Age
Ending age
Imperial Age
RankedLock teamsTeams togetherTeam positionsShared explorationLock speedFull tech treeHidden civsTurbo modeCheats
Victory
Defeat
🇺🇸 Koreans · United States
1025
+17
🇩🇪 Malians · Germany
1052
-17
Murd3rfce
11:08 Feudal Age
11:20 Man-at-Arms
12:12 Loom
14:04 Arson
14:57 Horse Collar
18:18 Double-Bit Axe
19:47 Fletching
26:05 Castle Age
26:29 Crossbowman
26:33 Pikeman
27:01 Gambesons
34:56 Wheelbarrow
36:55 Bodkin Arrow
37:07 Squires
43:54 Imperial Age
41:43 Hand Cart
42:20 Bow Saw
45:05 Arbalester
46:01 Bracer
45:53 Elite Fire Lancer
47:43 Ballistics
55:02 Thumb Ring
danjo
11:17 Feudal Age
12:03 Loom
16:51 Castle Age
25:13 Double-Bit Axe
26:23 Scale Barding Armor
28:59 Fletching
30:02 Scale Mail Armor
30:13 Forging
31:58 Gold Mining
32:53 Elite Skirmisher
36:47 Imperial Age
35:48 Padded Archer Armor
36:24 Iron Casting
36:12 Caravan
42:52 Chain Mail Armor
43:50 Conscription
45:26 Bodkin Arrow
46:55 Ballistics
47:22 Heavy Camel Rider
47:51 Capped Ram
50:16 Chemistry
Connection lost

Rejoining the realm…

Still unreachable

The connection could not be restored.

Session expired

The server has moved on; the page needs a fresh start.